 Dungeon Crawl Stone Soup version 0.28-b1-25-g9875b3fc8c (webtiles) character file.

Game seed: 3236651163668542515

55 buriedalive the Firebug (level 3, -3/19 HPs)
             Began as a Deep Elf Fire Elementalist on Feb 1, 2022.
             Slain by Terence (4 damage)
             ... on level 2 of the Dungeon.
             The game lasted 00:04:34 (1848 turns).

buriedalive the Firebug (DEFE)                      Turns: 1848, Time: 00:04:34

Health: -3/19      AC:  3    Str:  5    XL:     3   Next: 67%
Magic:  2/9        EV: 12    Int: 21    God:
Gold:   32         SH:  0    Dex: 15    Spells: 7/8 levels left

rFire   . . .      SeeInvis .   g - +0 dagger
rCold   . . .      Faith    .   (no shield)
rNeg    . . .      Spirit   .   c - +0 leather armour
rPois   .          Reflect  .   (no helmet)
rElec   .          Harm     .   (no cloak)
rCorr   .          Rampage  .   (no gloves)
Will    .....                   (no boots)
Stlth   ++........              (no amulet)
HPRegen 0.06/turn               (no ring)
MPRegen 0.11/turn               (no ring)

@: no status effects
A: no striking features
a: no special abilities


You were on level 2 of the Dungeon.
You visited 1 branch of the dungeon, and saw 2 of its levels.

You collected 32 gold pieces.

Inventory:

Hand Weapons
 g - a +0 dagger (weapon)
Missiles
 d - 47 stones
Armour
 a - a +0 robe
 c - a +0 leather armour (worn)
Jewellery
 m - a ring of flight
Wands
 l - a wand of paralysis (9)
Scrolls
 f - a scroll of immolation {unknown}
 j - a scroll of blinking {unknown}
 k - 3 scrolls of identify {unknown}
Potions
 b - 2 potions of might {unknown}
 e - a potion of lignification {unknown}
 h - a potion of curing {unknown}
 i - a potion of mutation {unknown}


   Skills:
 + Level 3.4 Dodging
 - Level 2.4 Stealth
 - Level 3.0 Spellcasting
 + Level 2.3 Conjurations
 + Level 4.0 Fire Magic


You had 7 spell levels left.
You knew the following spells:

 Your Spells              Type           Power      Damage    Failure   Level
a - Foxfire               Conj/Fire      64%        2x1d7     6%          1

Your spell library contained the following spells:

 Spells                   Type           Power      Damage    Failure   Level
 Scorch                   Fire           40%        2d7       6%          2
 Conjure Flame            Conj/Fire      16%        6-21      19%         3
 Inner Flame              Hex/Fire       11%        N/A       28%         3
 Flame Wave               Conj/Fire      16%        2d6       52%         4
 Ozocubu's Armour         Ice            3%         N/A       54%         3
 Metabolic Englaciation   Hex/Ice        1%         N/A       99%         5
 Simulacrum               Ice/Necr       1%         N/A       100%        6


Dungeon Overview and Level Annotations

Branches:
Dungeon (2/15)

Altars:

Shops:
D:2 =

Annotations:
D:2 Terence


Message History

Terence is moderately wounded.
The foxfire hits Terence but does no damage.
Terence is moderately wounded.
Terence barely misses you.
Unknown command.
Casting: Foxfire (safe; 6% risk of failure)
Confirm with . or Enter, or press ? or * to list all spells.
You conjure some foxfire!
Terence misses you.
Unknown command.
The foxfire hits Terence.
Terence is moderately wounded.
The foxfire hits Terence.
Terence is heavily wounded.
Your magical contamination has completely faded away.
Casting: Foxfire (safe; 6% risk of failure)
Confirm with . or Enter, or press ? or * to list all spells.
You conjure some foxfire!
Terence hits you with a +0 short sword.
* * * LOW HITPOINT WARNING * * *
Unknown command.
The foxfire hits Terence.
Terence is severely wounded.
The foxfire hits Terence.
Terence is severely wounded.
Casting: Foxfire (safe; 6% risk of failure)
Confirm with . or Enter, or press ? or * to list all spells.
You conjure some foxfire!
Terence barely misses you.
Things that are here:
a +0 whip; a kobold corpse
Casting: Foxfire (safe; 6% risk of failure)
Confirm with . or Enter, or press ? or * to list all spells.
You conjure some foxfire!
Terence hits you with a +0 short sword.
* * * LOW HITPOINT WARNING * * *
Unknown command.
Unknown command.
Your foxfire dissipates!
You see here a +0 short sword.
Casting: Foxfire (safe; 6% risk of failure)
Confirm with . or Enter, or press ? or * to list all spells.
You conjure some foxfire!
Terence hits you with a +0 short sword.
You die...

# #......#.# #.#
#.#......#.# #.#
#.#...§..#.###.###
#......v§#.......#
###.....#v#.#..#.#
#......#.#...#.#
#.###.#)..#..#.#
#. ##@#[#.#.#.# #.
#@#.#.#..#.### #.
#vv#.#...#...# #.
####.#...###.# #.
#.#.#.# #.##### #.
#.#.#)# #......
#.#.#.# #######
#.#.#.# #
#######.#.#.# #
#.......#.#.# #


You could see Terence (ally target).

Vanquished Creatures
  Natasha (D:2)
  A dart slug (D:1)
  3 ball pythons (D:1)
  2 endoplasms (D:1)
  A giant cockroach (D:1)
  3 goblins
  3 hobgoblins
  3 quokkas
  2 frilled lizards (D:1)
  3 kobolds
  4 rats
26 creatures vanquished.

Vanquished Creatures (others)
  54 foxfires
54 creatures vanquished.

Grand Total: 80 creatures vanquished

Notes
Turn   | Place    | Note
-------+----------+-------------------------------------------
     0 | D:1      | buriedalive the Deep Elf Fire Elementalist began the quest
                  | for the Orb.
     0 | D:1      | Reached XP level 1. HP: 10/10 MP: 6/6
   470 | D:1      | Reached XP level 2. HP: 12/15 MP: 4/8
  1276 | D:2      | Noticed Natasha
  1290 | D:2      | Killed Natasha
  1291 | D:2      | Reached XP level 3. HP: 19/19 MP: 5/9
  1345 | D:2      | Reached skill level 4 in Fire Magic
  1517 | D:2      | Found Soetiuk's Jewellery Boutique.
  1827 | D:2      | Noticed Terence
  1848 | D:2      | Slain by Terence

Illustrated notes

Levels and vault maps discovered:
D:1:      co_arrival_two_rings, layout_loops_ring, chequers_big_river,
          minivault_4, minmay_misc_feat_rows
D:2:      layout_basic, serial_shops, shop, minmay_tiny_reverse_x, uniq_terence,
          uniq_sigmund, uniq_natasha

Skill      XL: |  1  2  3 |
---------------+----------+-----
Dodging        | 3 |  3.4
Conjurations   | 2 |  2.3
Fire Magic     | 4 |  4.0
Stealth        | |  2.4
Spellcasting   | |  3.0

Action                   || total
-------------------------++-------
Melee: Dagger            ||    53
       Unarmed           ||     2
 Cast: Foxfire           ||    41
 Stab: Sleeping          ||     4
Armor: Leather armour    ||    22
Dodge: Dodged            ||    50
